 Dungeon Crawl Stone Soup version 0.30-a0-540-g0af01429fa (webtiles) character file.

Game seed: 16609622576495517920

119 Newt the Skirmisher (level 5, 0/30 HPs)
             Began as a Kobold Hunter on Dec 25, 2022.
             Was an Initiate of Yredelemnul.
             Slain by an adder (4 damage)
             ... on level 4 of the Dungeon.
             The game lasted 00:02:08 (2499 turns).

Newt the Skirmisher (Kobold Hunter)                 Turns: 2499, Time: 00:02:08

Health: 0/30       AC:  5    Str:  9    XL:     5   Next: 24%
Magic:  5/5        EV: 15    Int: 10    God:    Yredelemnul [......]
Gold:   144        SH:  0    Dex: 20    Spells: 4/4 levels left

rFire   . . .      SeeInvis .    a - +0 shortbow
rCold   . . .      Faith    .    (shield currently unavailable)
rNeg    . . .      Spirit   .    c - +0 leather armour
rPois   .          Reflect  .    (no helmet)
rElec   .          Harm     .    (no cloak)
rCorr   .          Rampage  .    h - +1 pair of gloves
Will    .....                    (no boots)
Stlth   +++                      (no amulet)
HPRegen 0.25/turn                (no ring)
MPRegen 0.09/turn                (no ring)

@: no status effects
A: small, no large weapons, nightstalker 3
a: Renounce Religion, Recall Undead Harvest


You were on level 4 of the Dungeon.
You worshipped Yredelemnul.
Yredelemnul was noncommittal.
You visited 1 branch of the dungeon, and saw 4 of its levels.

You collected 144 gold pieces.

Inventory:

Hand Weapons
 a - a +0 shortbow (weapon)
Armour
 c - a +0 leather armour (worn)
 h - a +1 pair of gloves (worn)
Jewellery
 k - a ring of flight
 m - a ring of willpower
Wands
 d - a wand of mindburst (8)
 o - a wand of paralysis (9)
Scrolls
 b - a scroll of immolation
 n - a scroll of identify {unknown}
 p - a scroll of teleportation {unknown}
Potions
 e - a potion of flight {unknown}
 g - a potion of resistance {unknown}
 i - a potion of attraction {unknown}
 j - 2 potions of heal wounds
 l - a potion of curing {unknown}


   Skills:
 - Level 2.1 Fighting
 - Level 8.0 Ranged Weapons
 + Level 2.9 Dodging
 - Level 1.3 Stealth


You had 4 spell levels left.
You didn't know any spells.
Your spell library contained the following spells:

 Spells                   Type           Power      Damage    Failure   Level
 Slow                     Hex            0%         N/A       47%         1
 Confusing Touch          Hex            0%         N/A       85%         3
 Vampiric Draining        Necr           0%         2d6       85%         3


Dungeon Overview and Level Annotations

Branches:
Dungeon (4/15)
 Temple: D:4-7

Altars:
Gozag
Yredelemnul


Innate Abilities, Weirdness & Mutations

You are small and have problems with some larger weapons.
You are completely attuned to the shadows.


Message History

Aim: an adder (black smoke, severely wounded, 52% to hit)
You shoot an arrow. The arrow completely misses the adder.
The arrow closely misses the orc.
You feel sick. The adder completely misses you.
Something hits you but does no damage. The orc misses you.
The adder bites you but does no damage.
Fire: a) +0 shortbow
Press: ? - help, Shift-Dir - straight line, f/p - adder
Aim: an adder (black smoke, severely wounded, 52% to hit)
You shoot an arrow.
The arrow hits the adder but does no damage.
The adder is severely wounded.
You feel sick.
You are no longer poisoned.
You hear a shout!
The orc hits you from afar with a +0 trident.
* * * LOW HITPOINT WARNING * * *
Something barely misses you. The adder misses you.
Fire: a) +0 shortbow
Press: ? - help, Shift-Dir - straight line, f/p - adder
Aim: an adder (black smoke, severely wounded, 52% to hit)
You shoot an arrow.
The arrow hits the adder but does no damage.
The adder is severely wounded.
The adder closely misses you. Something hits you but does no damage.
The orc barely misses you. The adder closely misses you.
Fire: a) +0 shortbow
Press: ? - help, Shift-Dir - straight line, f/p - adder
Aim: an adder (black smoke, severely wounded, 52% to hit)
You shoot an arrow. The arrow closely misses the adder.
The arrow hits the orc!
You kill the orc!
The orc barely misses you. Something hits you but does no damage.
The adder closely misses you.
The orc hits you from afar with a +0 trident.
* * * LOW HITPOINT WARNING * * *
Fire: a) +0 shortbow
Press: ? - help, Shift-Dir - straight line, f/p - adder
Aim: an adder (black smoke, severely wounded, 52% to hit)
You shoot an arrow. The arrow barely misses the adder.
The adder bites you.
You die...
Your body rises from the dead as a mindless zombie.

#....<#
#####..####
.......#
....[..#
.......#
#####..# #
#..# ..
#..####o..
####.§{o@S§.⌠
....o######..
####......
#......
#......
+>.....
#......
#......
#.....o


You could see an adder and 2 orcs.

Vanquished Creatures
  An orc priest (D:2)
  4 adders
  A worm (D:3)
  4 orcs
  2 endoplasms
  2 giant cockroaches (D:1)
  8 goblins
  6 hobgoblins
  3 quokkas
  4 ball pythons
  4 frilled lizards (D:2)
  6 kobolds
  2 rats
47 creatures vanquished.

Notes
Turn   | Place    | Note
-------+----------+-------------------------------------------
     0 | D:1      | Newt the Kobold Hunter began the quest for the Orb.
     0 | D:1      | Reached XP level 1. HP: 12/12 MP: 1/1
    24 | D:1      | Found a faded altar of an unknown god.
   137 | D:1      | Reached XP level 2. HP: 11/17 MP: 2/2
   168 | D:1      | Reached skill level 6 in Ranged Weapons
   728 | D:2      | Reached XP level 3. HP: 21/21 MP: 3/3
   783 | D:2      | Reached skill level 7 in Ranged Weapons
   783 | D:2      | Reached XP level 4. HP: 11/26 MP: 4/4
  1686 | D:3      | Reached XP level 5. HP: 29/30 MP: 5/5
  1936 | D:3      | Reached skill level 8 in Ranged Weapons
  2096 | D:3      | Found a basalt altar of Yredelemnul.
  2110 | D:3      | Became a worshipper of Yredelemnul the Dark
  2269 | D:3      | Found an opulent altar of Gozag.
  2499 | D:4      | Slain by an adder

Illustrated notes

Levels and vault maps discovered:
D:1:      dreamdust_arrival_sigmund_warning, layout_basic,
          basic_ecumenical_altar
D:2:      layout_basic, minmay_tetromino_l4
D:3:      layout_basic, mainiacjoe_overflow_chevrons, grunt_gozag_statues
D:4:      layout_basic, temple_fountains, minmay_misc_feat_x, minmay_quantized,
          uniq_grinder, uniq_natasha

Skill      XL: |  1  2  3  4  5 |
---------------+----------------+-----
Ranged Weapons | 6 7 8 |  8.0
Fighting       | |  2.1
Dodging        | |  2.9
Stealth        | |  1.3

Action                   |  1- 3 |  4- 6 || total
-------------------------+-------+-------++-------
Melee: Shortbow          |       |     2 ||     2
 Fire: Shortbow          |    59 |    85 ||   144
  Use: Scroll            |     1 |     1 ||     2
       Potion            |     1 |     1 ||     2
Armor: Leather armour    |     6 |    16 ||    22
       Skin              |    12 |     2 ||    14
Dodge: Dodged            |    26 |    35 ||    61

Table legend: (Time is in decaauts)
 A = Elapsed time spent in this place.
 B = Non-inter-level travel time spent in this place.
 C = Inter-level travel time spent in this place.
 D = Time resting spent in this place.
 E = Time spent auto-exploring this place.
 F = Levels seen in this place.
 G = Mean time per level.
                   A        B        C        D        E       F      G
               +--------+--------+--------+--------+--------+-----+--------+
         Total |   2529 |   2495 |     34 |     82 |   2087 |   4 |  632.2 |
       Dungeon |   2529 |   2495 |     34 |     82 |   2087 |   4 |  632.2 |
               +--------+--------+--------+--------+--------+-----+--------+

Top non-repeatable levels by time:
     D:2: 1032 daAuts
     D:3: 859 daAuts
     D:1: 582 daAuts
     D:4: 54 daAuts
